 Dungeon Crawl Stone Soup version 0.30-a0-394-g3e4acdb0ae (webtiles) character file.

Game seed: 9642214482092159520

84 cforsyth the Trooper (level 4, -27/41 HPs)
             Began as a Hill Orc Fighter on Dec 7, 2022.
             Killed from afar by an oklob plant (30 damage)
             ... with a splash of acid
             ... on level 3 of the Dungeon.
             The game lasted 00:03:03 (1785 turns).

cforsyth the Trooper (Hill Orc Fighter)             Turns: 1785, Time: 00:03:04

Health: -27/41     AC:  0    Str: 20    XL:     4   Next: 45%
Magic:  4/4        EV:  9    Int:  8    God:
Gold:   208        SH:  4    Dex: 10    Spells: 3/3 levels left

rFire   . . .      SeeInvis .    a - +0 war axe
rCold   . . .      Faith    .    c - +0 buckler
rNeg    . . .      Spirit   .    b - +0 scale mail
rPois   .          Reflect  .    (no helmet)
rElec   .          Harm     .    j - +0 cloak
rCorr   .          Rampage  .    (no gloves)
Will    .....                    (no boots)
Stlth   ..........               (no amulet)
HPRegen 0.26/turn                (no ring)
MPRegen 0.09/turn                (no ring)

@: corroded
A: no striking features
a: no special abilities


You were on level 3 of the Dungeon.
You visited 1 branch of the dungeon, and saw 3 of its levels.

You collected 208 gold pieces.

Inventory:

Hand Weapons
 a - a +0 war axe (weapon)
Armour
 b - a +0 scale mail (worn)
 c - a +0 buckler (worn)
 j - a +0 cloak (worn)
Scrolls
 e - 3 scrolls of noise {unknown}
 h - 3 scrolls of vulnerability {unknown}
 i - a scroll of silence {unknown}
 k - 2 scrolls of teleportation {unknown}
 l - 7 scrolls of identify {unknown}
 n - a scroll of enchant weapon {unknown}
 o - a scroll of acquirement {unknown}
 s - 4 scrolls of magic mapping {unknown}
Potions
 d - a potion of might
 f - a potion of haste {unknown}
 g - 2 potions of curing {unknown}
 m - a potion of heal wounds {unknown}
 p - 2 potions of lignification {unknown}
 q - a potion of invisibility {unknown}
 r - a potion of mutation {unknown}


   Skills:
 + Level 4.6 Fighting
 + Level 4.0 Axes
 + Level 4.2 Armour
 - Level 3.2 Shields


You had 3 spell levels left.
You didn't know any spells.
Your spell library was empty.

Dungeon Overview and Level Annotations

Branches:
Dungeon (3/15)

Altars:
Fedhas
Okawaru
The Shining One

Annotations:
D:3 exclusion: oklob plant


Message History

No target in view!
No target in view!
No target in view!
There is an open door here.
There is an open door here.
Partly explored, can't reach some places.
Partly explored, can't reach some places.
Partly explored, can't reach some places.
Unknown command.
Really walk into a travel-excluded area?
The oklob plant spits acid at you. The splash of acid hits you!!
Ouch! That really hurt!
The acid corrodes you!
You hit the oklob plant.
The oklob plant is lightly damaged.
You hit the plant.
The plant begins to die.
The oklob plant spits acid at you. The splash of acid hits you!
* * * LOW HITPOINT WARNING * * *
The acid corrodes you!
You hit the oklob plant but do no damage.
The oklob plant is lightly damaged.
You hit the plant.
Unknown command.
You hit the oklob plant.
The oklob plant is lightly damaged.
You slash the plant!
Unknown command.
You hit the oklob plant but do no damage.
The oklob plant is lightly damaged.
You hit the plant but do no damage.
A nearby plant withers and dies.
You slash the oklob plant!
The oklob plant is moderately damaged.
You hit the oklob plant.
The oklob plant is moderately damaged.
The oklob plant spits acid at you. The splash of acid hits you!!
Ouch! That really hurt!
You die...

.....###..........#
.....# ###...######
)....# ##### .....##
......# ......#
############### ####
PPP..#.PPP♣P.P♣♣#.PP#
#♣.♣..♣.♣...#P..@P#.#
P##..♣.#...P.......P#
♣.P..♣..P♣.♣....♣...#
.............♣.....P#
...♣#..~~.~~......P♣#
......~≈≈.~~~...♣P.#
P....~~≈≈.≈~~~..#P.♣
....~≈≈≈~.~~≈~≈.P#.♣#
.♣..~≈≈≈...~≈≈~...PP#


You could see an oklob plant.

Vanquished Creatures
  3 adders (D:2)
  A worm (D:2)
  3 orcs (D:3)
  2 endoplasms
  2 giant cockroaches
  5 goblins
  4 hobgoblins
  4 jackals (D:1)
  5 kobolds
  A quokka (D:2)
  5 ball pythons
  5 bats
  5 frilled lizards
  2 rats
47 creatures vanquished.

Vanquished Creatures (others)
  29 fungi (D:3)
  59 plants (D:3)
88 creatures vanquished.

Grand Total: 135 creatures vanquished

Notes
Turn   | Place    | Note
-------+----------+-------------------------------------------
     0 | D:1      | cforsyth the Hill Orc Fighter began the quest for the Orb.
     0 | D:1      | Reached XP level 1. HP: 19/19 MP: 1/1
   137 | D:1      | Reached XP level 2. HP: 27/27 MP: 2/2
   626 | D:2      | Reached XP level 3. HP: 31/33 MP: 3/3
   859 | D:2      | Reached XP level 4. HP: 41/41 MP: 4/4
  1224 | D:3      | Found a glowing golden altar of the Shining One.
  1245 | D:3      | Found an iron altar of Okawaru.
  1559 | D:3      | Found a blossoming altar of Fedhas.
  1576 | D:3      | Noticed an oklob plant
  1780 | D:3      | HP: 1/41 [oklob plant/splash of acid (16)]
  1785 | D:3      | Killed from afar by an oklob plant

Illustrated notes

Levels and vault maps discovered:
D:1:      minmay_arrival_stone_box, layout_loops_ring
D:2:      layout_rooms
D:3:      layout_basic, tso_metal_star, tgw_fedhas,
          mainiacjoe_overflow_brackets, minivault_11, solitary_fountain,
          minivault_26, nrook_uturn, hangedman_glass_teeth

Skill      XL: |  1  2  3  4 |
---------------+-------------+-----
Axes           | 3 4 |  4.0
Fighting       | 4 |  4.6
Armour         | 4 |  4.2
Shields        | |  3.2

Action                   |  1- 3 |  4- 6 || total
-------------------------+-------+-------++-------
Melee: War axe           |    86 |    62 ||   148
Armor: Scale mail        |    48 |    28 ||    76
Dodge: Dodged            |    46 |    35 ||    81
Block: Buckler           |    20 |    15 ||    35

Table legend: (Time is in decaauts)
 A = Elapsed time spent in this place.
 B = Non-inter-level travel time spent in this place.
 C = Inter-level travel time spent in this place.
 D = Time resting spent in this place.
 E = Time spent auto-exploring this place.
 F = Levels seen in this place.
 G = Mean time per level.
                   A        B        C        D        E       F      G
               +--------+--------+--------+--------+--------+-----+--------+
         Total |   1841 |   1786 |     55 |      0 |   1400 |   3 |  613.7 |
       Dungeon |   1841 |   1786 |     55 |      0 |   1400 |   3 |  613.7 |
               +--------+--------+--------+--------+--------+-----+--------+

Top non-repeatable levels by time:
     D:3: 758 daAuts
     D:1: 635 daAuts
     D:2: 447 daAuts
